 Dungeon Crawl Stone Soup version 0.32-a0-329-ge6c31236d6 (webtiles) character file.

Game seed: 11778913097232180492

18 Bravepunisher the Ducker (level 2, -2/16 HPs)
             Began as a Spriggan Monk on Feb 16, 2024.
             Killed from afar by Natasha (6 damage)
             ... with a magic dart
             ... on level 4 of the Dungeon.
             The game lasted 00:01:37 (649 turns).

Bravepunisher the Ducker (Spriggan Monk)             Turns: 649, Time: 00:01:39

Health: -2/16      AC:  2    Str:  7    XL:     2   Next: 51%
Magic:  3/3        EV: 19    Int: 11    God:
Gold:   92         SH:  0    Dex: 17    Spells: 1/1 levels left

rFire   . . .        a - +0 short sword
rCold   . . .        (no shield)
rNeg    . . .        b - +0 robe
rPois   .            (helmet restricted)
rElec   .            (no cloak)
rCorr   .            (gloves unavailable)
SInv    +            (boots unavailable)
Will    +....        (no amulet)
Stlth   ++           (no ring)
HPRegen 0.22/turn    (no ring)
MPRegen 0.08/turn

%: no passive effects
@: enlightened, flying, invisible, very quick
A: very small, no large weapons, unfitting armour, see invisible, speed 3
a: no special abilities


You were on level 4 of the Dungeon.
You visited 1 branch of the dungeon, and saw 4 of its levels.

You collected 92 gold pieces.

Inventory:

Hand Weapons
 a - a +0 short sword (weapon)
Armour
 b - a +0 robe (worn)
Scrolls
 e - 2 scrolls of fear {unknown}
 f - a scroll of identify {unknown}
 h - a scroll of immolation {unknown}
Potions
 c - a potion of ambrosia
 i - a potion of curing {unknown}
 j - a potion of mutation {unknown}


   Skills:
 + Level 2.7 Fighting
 - Level 3.2 Short Blades
 * Level 4.8 Dodging


You had one spell level left.
You didn't know any spells.
Your spell library was empty.

Dungeon Overview and Level Annotations

Branches:
Dungeon (4/15)
 Temple: D:4-7

Altars:
Yredelemnul

Annotations:
D:4 Natasha


Innate Abilities, Weirdness & Mutations

You are very small and have problems with some larger weapons.
You are too small for most types of armour.
You have supernaturally acute eyesight. (SInv)
You cover ground extremely quickly. (Speed+++)


Message History

Found an escape hatch in the ceiling.
A ball python comes into view.
The ball python hisses angrily.
Found a dark potion.
You hear the rusting of a very distant drain.
The ball python bites you. The ball python grabs you.
The ball python constricts you.
You hit the ball python.
You kill the ball python!
You see here a ball python corpse.
j - a dark potion Natasha, Servant of Life and Death comes into view.
Found an inky potion.
Natasha hisses angrily.
Found a stone staircase leading up.
Natasha misses you.
Natasha hisses.
Natasha casts a spell at you. The magic dart hits you!
Ouch! That really hurt!
Found a jade ring.
Natasha stares at you and mumbles some strange words.
The magic dart hits you.
* * * LOW HITPOINT WARNING * * *
You see here a ring of positive energy.
Found 8 stones.
You hit Natasha.
Natasha is lightly wounded.
Natasha claws you.
* * * LOW HITPOINT WARNING * * *
It was a potion of invisibility.
You fade into invisibility!
Natasha misses you.
It was a potion of enlightenment.
You feel very buoyant.
You fly up into the air.
Natasha casts a spell at you. The magic dart hits you.
You die...
Natasha curls up and begins to purr.

#.##.....(.#.#..........#####.#..
#..#...<.#...#.###............#..
#..#.#)#.#.###.#..............#..
...#.....#.. #.#.###.........##..
#......#####.#.#...)......†######
#..#.#.....#.#.###########.#.....
#..#.#####.#.#.# ###.#.####
#..#.#####.#.#.#########...#.###.
..........(....h@......#.#.....#.
..##.......#.#.#########.##...##.
.#.#########.#.........##.#..##.#
.#..............=..h.####.##.##.#
.#.########.########.# ##.#.#.##
.#.# # ......#.## #.###.# .#.#
##### #..h.# ##.#.## ...# #... .
#<...# #...# #..####.###
##.#....# ##'##


You could see Natasha.

Vanquished Creatures
  An endoplasm (D:1)
  3 goblins
  2 hobgoblins
  3 ball pythons
  A rat (D:1)
10 creatures vanquished.

Notes
Turn   | Place    | Note
-------+----------+-------------------------------------------
     0 | D:1      | Bravepunisher the Spriggan Monk began the quest for the
                  | Orb.
     0 | D:1      | Reached XP level 1. HP: 11/11 MP: 2/2
   169 | D:1      | Reached XP level 2. HP: 16/16 MP: 3/3
   548 | D:4      | Found a basalt altar of Yredelemnul.
   618 | D:4      | Noticed Natasha
   649 | D:4      | Killed from afar by Natasha

Illustrated notes

Levels and vault maps discovered:
D:1:      scummos_arrival_hexagon, layout_loops_cross,
          nicolae_ecumenical_lake_church, serial_park_tiny_pond,
          chequers_serial_rivers_micro_d, hangedman_decor_peaks_small,
          minivault_24
D:2:      layout_basic, uniq_sigmund, uniq_robin, uniq_terence
D:3:      kennysheep_big_flooded_room, layout_basic, minmay_misc_feat_tiny,
          corexii_item_surrounded_by_moat
D:4:      layout_basic, old_standard_altar, gup_sewer_entry_bubbles,
          grunt_decor_clamped, uniq_natasha

Action                     || total
---------------------------++-------
  Melee: Short sword       ||    30
    Use: Potion            ||     2
   Stab: Sleeping          ||     1
         Distracted        ||     1
 Armour: Robe              ||    11
  Dodge: Dodged            ||    18

Table legend: (Time is in decaauts)
 A = Elapsed time spent in this place.
 B = Non-inter-level travel time spent in this place.
 C = Inter-level travel time spent in this place.
 D = Time resting spent in this place.
 E = Time spent auto-exploring this place.
 F = Levels seen in this place.
 G = Mean time per level.
                   A        B        C        D        E       F      G
               +--------+--------+--------+--------+--------+-----+--------+
         Total |    416 |    416 |      0 |      0 |    272 |   4 |  104.0 |
       Dungeon |    416 |    416 |      0 |      0 |    272 |   4 |  104.0 |
               +--------+--------+--------+--------+--------+-----+--------+

Top non-repeatable levels by time:
     D:4: 185 daAuts
     D:1: 120 daAuts
     D:3: 87 daAuts
     D:2: 23 daAuts
